 Dungeon Crawl Stone Soup version 0.28-a0-751-gef3a642a4e (webtiles) character file.

Game seed: 11570054019707372367

70544 Woods the Thaumaturge (level 15, -5/107 HPs)
             Began as a Djinni Fire Elementalist on Oct 30, 2021.
             Was the Champion of Makhleb.
             Engulfed by a cloud of freezing vapour (25 damage)
             ... on level 6 of the Lair of Beasts.
             The game lasted 01:14:47 (35884 turns).

Woods the Thaumaturge (Djinni Fire Elementalist)   Turns: 35884, Time: 01:14:47

Health: -5/107     AC: 11    Str:  7    XL:     15   Next: 78%
Gold:   970        EV: 19    Int: 23    God:    Makhleb [******] SH:  0 Dex: 20

rFire   + + .      SeeInvis .   v - +0 whip (vamp)
rCold   x . .      Faith    .   (no shield)
rNeg    . . .      Spirit   .   p - +0 steam dragon scales
rPois   ∞          Reflect  .   A - +0 helmet
rElec   .          Harm     .   (no cloak)
rCorr   .          Rampage  .   o - +2 pair of gloves
Will    ++...                   (boots unavailable)
Stlth   ++++......              (no amulet)
HPRegen 0.27/turn               E - +6 ring of dexterity
MPRegen 0.00/turn               I - ring of willpower

@: flying
A: sickness immunity, fire resistance 2, cold vulnerability 1, float, innate
caster, hp casting, extra vitality 1
a: Renounce Religion, Minor Destruction, Lesser Servant of Makhleb, Major
Destruction, Greater Servant of Makhleb


You were on level 6 of the Lair of Beasts.
You worshipped Makhleb.
Makhleb was exalted by your worship.
You visited 3 branches of the dungeon, and saw 20 of its levels.
You visited the Abyss 1 time.
You also visited: Ossuary and Volcano.

You collected 1348 gold pieces.
You spent 378 gold pieces at shops.

Inventory:

Hand Weapons
 v - a +0 vampiric whip (weapon)
Armour
 o - a +2 pair of gloves (worn)
 p - +0 steam dragon scales (worn)
 A - a +0 helmet (worn)
Jewellery
 E - a +6 ring of dexterity (left hand)
 I - a ring of willpower (right hand)
Wands
 q - a wand of iceblast (29)
 u - a wand of paralysis (9)
 y - a wand of mindburst (39)
 C - a wand of flame (31)
 H - a wand of digging (10)
 L - a wand of acid (12)
Scrolls
 a - 2 scrolls of amnesia
 c - a scroll of immolation
 e - 3 scrolls of enchant armour
 g - 4 scrolls of fog
 l - 3 scrolls of vulnerability
 n - 6 scrolls of teleportation
 r - 7 scrolls of enchant weapon
 G - 10 scrolls of identify
 J - 4 scrolls of fear {unknown}
 K - 2 scrolls of blinking
 M - a scroll of acquirement {unknown}
 N - a scroll of holy word {unknown}
Potions
 b - 3 potions of brilliance
 d - 6 potions of flight
 f - 2 potions of ambrosia {unknown}
 h - 5 potions of might
 i - 3 potions of berserk rage
 j - 2 potions of attraction {unknown}
 k - 2 potions of curing
 m - 2 potions of magic {unknown}
 s - 3 potions of haste
 t - 2 potions of mutation {unknown}
 w - a potion of cancellation {unknown}
 x - 4 potions of heal wounds {unknown}
 z - 2 potions of resistance
 B - 3 potions of invisibility {unknown}
 D - a potion of lignification
 F - a potion of degeneration {unknown}


   Skills:
 - Level 10.0 Fighting
 - Level 8.0 Armour
 - Level 10.0 Dodging
 - Level 8.0 Stealth
 + Level 14.9 Spellcasting
 - Level 8.0 Invocations
 - Level 0.7 Evocations


You had 6 spell levels left.
You knew the following spells:

 Your Spells              Type           Power      Damage    Failure   Level
a - Foxfire               Conj/Fire      100%       2x1d9     0%          1
b - Scorch                Fire           100%       2d10      0%          2
c - Conjure Flame         Conj/Fire      72%        6-21      1%          3
d - Inner Flame           Hex/Fire       72%        N/A       1%          3
e - Flame Wave            Conj/Fire      72%        3d12      1%          4
f - Magic Dart            Conj           100%       1d8       0%          1
g - Poisonous Vapours     Pois/Air       100%       N/A       0%          2
h - Confusing Touch       Hex            72%        N/A       1%          3
i - Mephitic Cloud        Conj/Pois/Air  72%        N/A       1%          3
j - Dispel Undead         Necr           72%        3d24      1%          4
k - Freezing Cloud        Conj/Ice/Air   36%        6-21      1%          5
l - Death Channel         Necr           36%        N/A       1%          6
Your spell library was empty.

Dungeon Overview and Level Annotations

Branches:
Dungeon (13/15)            Temple (1/1) D:7            Lair (6/6) D:8
 Shoals (0/4) Lair:2       Spider (0/4) Lair:2        Slime (0/5) Lair:5
    Orc (0/2) D:10        Ossuary (visited)         Volcano (visited)
 Vaults: D:13-14

Altars:
Ashenzari
Cheibriados
Dithmenos
Elyvilon
Fedhas
Gozag
Hepliaklqana
Kikubaaqudgha
Makhleb
Nemelex Xobeh
Okawaru
Qazlal
Ru
Sif Muna
Trog
Uskayaw
Vehumet
Wu Jian
Xom
Yredelemnul
Zin
The Shining One

Shops:
D:6 ?   D:8 *

Annotations:
D:4 2 transporters, SirDiesAlot's ghost, weakling MiDe
D:11 3 runed translucent doors, AttackTheMoon's ghost, novice DrVM
D:13 Erolcha
Lair:6 1 runed translucent door, flotson's ghost, journeyman DsDe


Innate Abilities, Weirdness & Mutations

You are immune to sickness and miasma.
You are immune to poison.
Your flesh is very heat resistant. (rF++)
You are vulnerable to cold. (rC-)
You float through the air rather than walking.
You learn spells naturally, not from books.
Your magical power is your life essence.
You have superior vitality. (+4 HP)


Message History

Casting: Scorch (safe; 0% risk of failure)
Confirm with . or Enter, or press ? or * to list all spells.
Flames lash the smoke demon.
The smoke demon resists.
The smoke demon is severely wounded.
The smoke demon gestures at you. Something smites you!
* * * LOW HITPOINT WARNING * * *
Casting: Scorch (safe; 0% risk of failure)
Confirm with . or Enter, or press ? or * to list all spells.
Flames lash the smoke demon.
The smoke demon resists.
The smoke demon is almost dead.
* * * LOW HITPOINT WARNING * * *
The smoke demon hits you.
* * * LOW HITPOINT WARNING * * *
The smoke demon barely misses you.
The smoke demon hits you but does no damage.
Casting: Scorch (safe; 0% risk of failure)
Confirm with . or Enter, or press ? or * to list all spells.
Flames lash the smoke demon.
The smoke demon resists.
The smoke demon is almost dead.
* * * LOW HITPOINT WARNING * * *
The smoke demon is no longer more vulnerable to fire.
The smoke demon hits you but does no damage.
The smoke demon misses you. The smoke demon barely misses you.
Press: ? - help, v - describe, . - travel
Here: a smoke demon (almost dead)
The floor.
Unknown command.
Casting: Scorch (safe; 0% risk of failure)
Confirm with . or Enter, or press ? or * to list all spells.
You can't see any susceptible monsters within range! (Use Z to cast anyway.) Unknown command.
Casting: Scorch (safe; 0% risk of failure)
Confirm with . or Enter, or press ? or * to list all spells.
Aiming: Freezing Cloud (mildly dangerous; 1% risk of failure)
Press: ? - help, Dir - move target That beam is likely to hit you.
Continue anyway?
* * * LOW HITPOINT WARNING * * *
You are engulfed in freezing vapours.
You die...

........♣♣ ..P....♣♣
.......♣ ..##...♣
.##....♣ ♣♣ ##.#...♣ ♣♣♣
♣♣♣. ....#.♣♣♣. ♣♣
♣♣.♣♣♣♣ ♣♣♣... .......♣
♣§§♣§♣♣♣.....♣♣♣♣♣♣....♣
.#.♣.♣♣♣
♣§§§§3@.♣♣...♣♣......♣♣
.###♣♣
♣♣§§♣♣♣♣♣♣♣♣.......♣♣♣
## ♣○.♣ ♣♣♣......♣♣
.....♣ ♣♣.......♣♣
♣........♣♣.....♣♣♣♣
♣♣♣♣ ♣..÷..♣♣♣♣ ♣♣♣♣♣♣♣


You could see a smoke demon.

Vanquished Creatures
  9 hydras
  A catoblepas (Lair:4)
  2 boulder beetles
  2 centaur warriors
  6 two-headed ogres
  Urug (Lair:6)
  A death knight (D:12)
  6 death yaks (Lair:6)
  Sonja (D:11)
  4 skeletal warriors (D:12)
  A lindwurm (Lair:6)
  A deep elf pyromancer (D:12)
  3 oklob plants (Lair:5)
  2 cyclopes
  An elephant (D:7)
  A manticore (D:13)
  An elephant (shapeshifter) (Lair:6)
  2 torpor snails
  A merfolk siren (Lair:2)
  7 black mambas
  17 cane toads
  2 gargoyles
  7 rime drakes
  A kobold demonologist (D:13)
  2 unseen horrors
  2 ancient zymes (Lair:6)
  2 red devils (Volcano)
  7 komodo dragons
  3 trolls
  4 polar bears
  4 jumping spiders (Lair:2)
  5 dream sheep (Lair:6)
  34 blink frogs
  Sigmund (D:4)
  2 ynoxinuls (Lair:6)
  A shadow (D:6)
  4 wraiths
  A wyvern (shapeshifter) (D:13)
  3 vampires
  A redback (Lair:2)
  47 yaks
  11 wyverns
  A human (D:10)
  A large abomination (Lair:6)
  Grum (D:11)
  2 vampire mosquitoes (D:11)
  7 fire bats (Volcano)
  4 steam dragons
  9 basilisks
  A chaos spawn (Lair:6)
  A warg (D:10)
  An acid dragon (D:11)
  8 water moccasins
  4 ice beasts
  7 orc warriors
  A sky beast (D:8)
  5 black bears
  10 centaurs
  An ogre (D:4)
  28 wolves
  A phantom (D:6)
  2 kobold brigands (D:10)
  13 bullfrogs
  2 elf zombies (Ossuary)
  A gnoll sergeant (D:5)
  3 scorpions
  A water moccasin skeleton (D:4)
  6 killer bees
  14 wights
  6 howler monkeys
  4 electric eels
  7 small abominations (Lair:6)
  8 lava snakes (Volcano)
  A centaur zombie (D:9)
  A hound (D:2)
  A human zombie (Ossuary)
  2 centaur skeletons (D:5)
  A jelly (D:6)
  11 orc priests
  Terence (D:2)
  6 iguanas
  8 orc wizards
  2 killer bee zombies (D:8)
  A hound skeleton (D:4)
  3 mummies
  A howler monkey zombie (D:9)
  Robin (D:2)
  3 gnolls (D:5)
  7 adders
  6 white imps
  3 ufetubi
  An adder zombie (Ossuary)
  5 dart slugs
  33 orcs
  5 endoplasms
  2 giant cockroaches
  17 goblins
  8 hobgoblins
  4 jackals (D:3)
  A quokka (D:3)
  4 ball pythons
  7 bats
  2 frilled lizards
  A goblin zombie (Ossuary)
  9 hobgoblin zombies (Ossuary)
  2 jackal zombies (Ossuary)
  20 kobolds
  14 kobold zombies
  7 orc zombies (Ossuary)
  5 rats
  2 rat zombies (Ossuary)
582 creatures vanquished.

Vanquished Creatures (others)
  282 foxfires
  63 fungi
  100 plants
  4 withered plants (D:4)
449 creatures vanquished.

Grand Total: 1031 creatures vanquished

Notes
Turn   | Place    | Note
-------+----------+-------------------------------------------
     0 | D:1      | Woods the Djinni Fire Elementalist began the quest for the
                  | Orb.
     0 | D:1      | Reached XP level 1. HP: 15/15 MP: 0/0
   166 | D:1      | Reached XP level 2. HP: 18/21 MP: 0/0
   984 | D:1      | Reached skill level 3 in Spellcasting
  1149 | D:2      | Noticed Terence
  1161 | D:2      | Killed Terence
  1162 | D:2      | Reached XP level 3. HP: 17/25 MP: 0/0
  1162 | D:2      | Learned a level 1 spell: Magic Dart
  1456 | D:2      | Reached XP level 4. HP: 24/31 MP: 0/0
  1932 | D:2      | Noticed Robin
  1938 | D:2      | Killed Robin
  2658 | D:2      | Found a faded altar of an unknown god.
  2794 | D:2      | Reached skill level 4 in Spellcasting
  2794 | D:2      | Reached XP level 5. HP: 29/35 MP: 0/0
  2794 | D:2      | Learned a level 2 spell: Poisonous Vapours
  3436 | D:3      | Reached XP level 6. HP: 19/40 MP: 0/0
  4535 | D:4      | Reached skill level 5 in Spellcasting
  4611 | D:4      | Noticed an ogre
  4616 | D:4      | Killed an ogre
  4856 | D:4      | Found a blossoming altar of Fedhas.
  4924 | D:4      | Reached XP level 7. HP: 39/45 MP: 0/0
  4924 | D:4      | Learned a level 3 spell: Confusing Touch
  5026 | D:4      | Noticed SirDiesAlot's ghost (weakling MiDe)
  5028 | D:4      | Found a transporter.
  5375 | D:3      | Upgraded the game from 0.28-a0-750-g7c675f85b1 to
                  | 0.28-a0-751-gef3a642a4e
  5625 | D:4      | Reached skill level 6 in Spellcasting
  5625 | D:4      | Reached skill level 1 in Fighting
  5696 | D:4      | Found a transporter.
  5744 | D:4      | Found a stormy altar of Qazlal.
  5756 | D:4      | Noticed Sigmund
  6470 | D:4      | Killed Sigmund
  6471 | D:4      | Reached XP level 8. HP: 50/55 MP: 0/0
  6535 | D:5      | Entered Level 5 of the Dungeon
  6882 | D:5      | Reached skill level 5 in Dodging
  7181 | D:5      | Reached skill level 1 in Armour
  7612 | D:6      | Reached XP level 9. HP: 48/63 MP: 0/0
  7612 | D:6      | Learned a level 3 spell: Mephitic Cloud
  8229 | D:6      | Reached skill level 5 in Fighting
  8480 | D:6      | Found Duats's Magic Scroll Shop.
  8488 | D:6      | Bought a scroll of teleportation for 42 gold pieces
  8488 | D:6      | Bought a scroll of identify for 28 gold pieces
  9706 | D:6      | Found a shimmering altar of Xom.
  9980 | D:7      | Found a staircase to the Ecumenical Temple.
 10756 | D:7      | Reached XP level 10. HP: 50/72 MP: 0/0
 10937 | D:7      | Found a shadowy altar of Dithmenos.
 11020 | Temple   | Entered the Ecumenical Temple
 11395 | Temple   | Became a worshipper of Makhleb the Destroyer
 11518 | D:7      | Reached skill level 7 in Spellcasting
 11787 | D:8      | Noticed an elephant
 11789 | D:8      | Reached skill level 5 in Armour
 11789 | D:8      | Reached skill level 5 in Stealth
 12144 | D:8      | Found a staircase to the Lair.
 12205 | D:8      | Reached skill level 8 in Spellcasting
 12366 | D:8      | Found a sand-covered staircase.
 12371 | Ossuary  | Entered an ossuary
 12576 | Ossuary  | Reached * piety under Makhleb
 12804 | Ossuary  | Reached skill level 1 in Invocations
 13007 | Ossuary  | Reached ** piety under Makhleb
 13160 | D:8      | Found Saeprocy's Lightly-Used Armoury.
 13935 | D:7      | Killed an elephant
 14790 | D:9      | Cast into level 1 of the Abyss (orc warrior)
 14822 | D:9      | Escaped the Abyss
 15401 | D:9      | Reached XP level 11. HP: 78/79 MP: 0/0
 15401 | D:9      | Learned a level 4 spell: Dispel Undead
 15514 | D:9      | Noticed a two-headed ogre
 15527 | D:9      | Killed a two-headed ogre
 15528 | D:9      | Noticed a two-headed ogre
 15558 | D:9      | Killed a two-headed ogre
 15559 | D:9      | Reached skill level 9 in Spellcasting
 16149 | D:9      | Noticed a two-headed ogre
 16481 | D:9      | Noticed a cyclops
 16493 | D:9      | Noticed a centaur warrior
 16510 | D:9      | Killed a centaur warrior
 16615 | D:9      | Killed a two-headed ogre
 16776 | D:9      | Killed a cyclops
 16777 | D:9      | Reached skill level 5 in Invocations
 17121 | D:9      | Reached skill level 10 in Spellcasting
 17732 | D:9      | Found a glowing golden altar of the Shining One.
 17883 | D:9      | Reached XP level 12. HP: 74/86 MP: 0/0
 18004 | D:10     | Entered Level 10 of the Dungeon
 18021 | D:10     | Reached *** piety under Makhleb
 18277 | D:10     | Found a staircase to the Orcish Mines.
 19031 | D:10     | Reached skill level 11 in Spellcasting
 19293 | D:10     | Reached **** piety under Makhleb
 19517 | D:10     | Found a hide-covered altar of Uskayaw.
 19726 | D:10     | Found an opulent altar of Gozag.
 19948 | D:10     | Found an iron altar of Okawaru.
 20021 | D:11     | Found a runed translucent gate.
 20021 | D:11     | Found a runed translucent gate.
 20024 | D:11     | Found a runed translucent gate.
 20024 | D:11     | Found an opulent altar of Gozag.
 20026 | D:11     | Noticed a tengu warrior
 20154 | D:11     | Noticed AttackTheMoon's ghost (novice DrVM)
 20154 | D:11     | Noticed an ettin
 20593 | D:11     | Noticed a two-headed ogre
 20599 | D:11     | Killed a two-headed ogre
 20650 | D:11     | Reached skill level 12 in Spellcasting
 20650 | D:11     | HP: 4/86 [ice beast (18)]
 21206 | D:6      | Bought a scroll of identify for 28 gold pieces
 21206 | D:6      | Bought a scroll of identify for 28 gold pieces
 21206 | D:6      | Bought a scroll of enchant weapon for 105 gold pieces
 21206 | D:6      | Bought a scroll of teleportation for 42 gold pieces
 21206 | D:6      | Bought a scroll of enchant weapon for 105 gold pieces
 21298 | Lair:1   | Entered Level 1 of the Lair of Beasts
 21346 | D:11     | Noticed Sonja
 21346 | D:11     | Noticed a two-headed ogre
 21352 | D:11     | Killed Sonja
 21391 | D:11     | Killed a two-headed ogre
 21612 | D:11     | Noticed Grum
 21621 | D:11     | Killed Grum
 21671 | D:11     | Reached XP level 13. HP: 72/93 MP: 0/0
 21671 | D:11     | Learned a level 5 spell: Freezing Cloud
 22156 | D:11     | Found a sacrificial altar of Ru.
 22724 | D:12     | Noticed a four-headed hydra
 22733 | D:12     | Killed a four-headed hydra
 23861 | D:13     | Noticed an eight-headed hydra
 23873 | D:13     | Killed an eight-headed hydra
 23903 | D:13     | Noticed a centaur warrior
 23908 | D:13     | Killed a centaur warrior
 24019 | D:13     | Noticed a seven-headed hydra
 24023 | D:13     | Noticed a centaur warrior
 24024 | D:13     | Noticed a centaur warrior
 24027 | D:13     | Killed a seven-headed hydra
 24028 | D:13     | Noticed Erolcha
 24031 | D:13     | Noticed a centaur warrior
 24367 | D:13     | Noticed a catoblepas
 24367 | D:13     | Noticed a four-headed hydra
 24687 | D:13     | Reached skill level 10 in Fighting
 26423 | Lair:1   | Reached XP level 14. HP: 101/103 MP: 0/0
 26906 | Lair:2   | Reached ***** piety under Makhleb
 27530 | Lair:2   | Found a hole to the Spider Nest.
 27839 | Lair:2   | Found a staircase to the Shoals.
 28944 | Lair:3   | Reached skill level 10 in Dodging
 29800 | Lair:3   | Identified the +9 long sword "Denteoch" {vorpal, *Rage rF+
                  | rN+++ SInv}
 30176 | Lair:4   | Reached skill level 13 in Spellcasting
 30248 | Lair:4   | Found a dark tunnel.
 30318 | Volcano  | Entered a volcano
 32461 | Lair:5   | Reached XP level 15. HP: 105/107 MP: 0/0
 32461 | Lair:5   | Learned a level 6 spell: Death Channel
 33033 | Lair:5   | Found a staircase to the Slime Pits.
 33795 | Lair:6   | Entered Level 6 of the Lair of Beasts
 34080 | Lair:6   | Reached ****** piety under Makhleb
 34556 | Lair:6   | Noticed Urug
 34559 | Lair:6   | Found a runed translucent door.
 34660 | Lair:6   | Reached skill level 14 in Spellcasting
 34758 | Lair:6   | Killed Urug
 35065 | Lair:6   | Noticed flotson's ghost (journeyman DsDe)
 35066 | Lair:6   | Identified the +6 trident of Gravity {pain, rPois rC- MP+9
                  | SInv}
 35884 | Lair:6   | Engulfed by a cloud of freezing vapour

Illustrated notes

Levels and vault maps discovered:
D:1:      erik_arrival_triangle_large, layout_loops_ring
D:2:      layout_basic, hellmonk_ecumenical_altar_run_dry, uniq_terence,
          uniq_robin
D:3:      layout_basic, hangedman_glass_teeth
D:4:      layout_loops_ring, grunt_temple_overflow_growth_and_decay,
          lemuel_doored_altar, mainiacjoe_overflow_surrounded_room,
          gammafunk_ghost_arena, minmay_misc_feat_pillars,
          hangedman_decor_peaks_small, uniq_sigmund
D:5:      layout_cave_pools
D:6:      layout_cave_pools, lemuel_coloured_pillars_altar, serial_shops, shop,
          serial_co_window_serial, co_window_of_opportunity_a,
          co_window_of_opportunity_a, co_window_paths_a, co_window_paths_a,
          co_window_paths_b, co_window_corner_ca, co_window_corner_b,
          co_window_corner_b, co_window_broadway_c, co_window_broadway_a,
          co_window_cross_3, co_window_4corner_a, co_window_paths_d,
          glass_columns_b, glass_columns_c, glass_columns_a, glass_columns_a,
          glass_columns_a
D:7:      layout_rooms, nicolae_dithmenos_through_a_glass_darkly,
          minmay_temple_entry_junction, dk_vineyard_2
D:8:      layout_cave_pods, david_lair_generic, nicolae_ossuary_entry_giza,
          minmay_shop_damaged
D:9:      kennysheep_windowed_halls, layout_cave_pools, tso_oasis_becter
D:10:     layout_loops_ring, general_overflow_altar,
          mainiacjoe_overflow_cross_hatched, grunt_gozag_breadcrumbs,
          erik_orc_4, centaur_isle
D:11:     layout_stronghold, serial_ice, serial_ice_b, serial_ice_l,
          serial_ice_c, serial_ice_g, serial_ice_f, serial_ice_e, serial_ice_m,
          ebering_ghost_gozag, nicolae_ru_the_path_less_chosen, uniq_sonja,
          uniq_grum
D:12:     layout_roguey
D:13:     layout_layer_cave, skrybe_vaults_entry_preservation, uniq_erolcha
Temple:   minmay_temple_forest_path
Lair:1:   layout_hall_layers, patterned_corridor, serial_bayou_shore_a,
          grunt_megastairs_5
Lair:2:   layout_roguey, minmay_shoals_entry_lonely_mermaid,
          spider_nest_entry_funnel_web, grunt_megastairs_3
Lair:3:   layout_loops_ring, wad_woods_river_01
Lair:4:   layout_loops_ring, nicolae_volcano_entry_lava_flow
Lair:5:   layout_regular_city, minmay_slime_entry_oklob_open,
          grunt_megastairs_4, infiniplex_staircase_pool_2, lemuel_fruit_tree
Lair:6:   hellmonk_lair_end_abyssal_woods, layout_regular_city,
          ebering_ghost_funeral_grove, chequers_serial_rivers_room_b,
          grunt_megastairs_2, uniq_urug

Skill      XL: |  1  2  3  4  5  6  7  8  9 10 11 12 13 14 15 |
---------------+----------------------------------------------+-----
Spellcasting   | 3 4 5 6 8 10 12 13 14 | 14.9
Fighting       | 2 4 6 7 8 10 | 10.0
Dodging        | 3 5 8 10 | 10.0
Stealth        | 2 4 5 8 |  8.0
Armour         | 2 4 5 8 |  8.0
Invocations    | 2 5 6 7 8 |  8.0
Evocations     | |  0.7

Action                   |  1- 3 |  4- 6 |  7- 9 | 10-12 | 13-15 || total
-------------------------+-------+-------+-------+-------+-------++-------
Melee: Unarmed           |     3 |     7 |       |       |       ||    10
       Whip              |       |       |       |     5 |     7 ||    12
 Cast: Foxfire           |    32 |    49 |    32 |    32 |    31 ||   176
       Scorch            |     8 |    51 |   116 |   351 |   376 ||   902
       Conjure Flame     |       |     3 |    14 |    18 |     4 ||    39
       Flame Wave        |       |       |     4 |    31 |    60 ||    95
       Inner Flame       |       |       |     6 |     1 |       ||     7
       Mephitic Cloud    |       |       |       |    23 |     8 ||    31
       Confusing Touch   |       |       |       |     4 |       ||     4
       Poisonous Vapours |       |       |       |    13 |    27 ||    40
       Dispel Undead     |       |       |       |     6 |    16 ||    22
       Freezing Cloud    |       |       |       |       |    72 ||    72
       Death Channel     |       |       |       |       |     1 ||     1
  Use: Scroll            |       |       |     4 |    11 |     6 ||    21
       Potion            |       |       |       |     3 |     2 ||     5
Armor: Robe              |     3 |     3 |     3 |       |       ||     9
       Steam dragon scal |       |       |     9 |    69 |    74 ||   152
Dodge: Dodged            |     6 |    17 |    19 |   145 |   232 ||   419

Table legend: (Time is in decaauts)
 A = Elapsed time spent in this place.
 B = Non-inter-level travel time spent in this place.
 C = Inter-level travel time spent in this place.
 D = Time resting spent in this place.
 E = Time spent auto-exploring this place.
 F = Levels seen in this place.
 G = Mean time per level.
                   A        B        C        D        E       F      G
               +--------+--------+--------+--------+--------+-----+--------+
         Total |  35922 |  34683 |   1239 |  13141 |  15778 |  23 | 1561.8 |
       Dungeon |  24314 |  23350 |    964 |   9060 |  10706 |  13 | 1870.3 |
        Temple |    414 |    339 |     75 |      0 |    325 |   1 |  414.0 |
          Lair |   9203 |   9004 |    199 |   2849 |   4542 |   6 | 1533.8 |
         Abyss |     31 |     31 |      0 |     24 |      0 |   1 |   31.0 |
       Ossuary |    780 |    780 |      0 |    372 |    205 |   1 |  780.0 |
       Volcano |   1177 |   1177 |      0 |    836 |      0 |   1 | 1177.0 |
               +--------+--------+--------+--------+--------+-----+--------+

Top non-repeatable levels by time:
     D:9: 2799 daAuts
     D:6: 2798 daAuts
    D:11: 2435 daAuts
     D:8: 2206 daAuts
     D:3: 2093 daAuts
    D:12: 2036 daAuts
  Lair:2: 1932 daAuts
    D:10: 1843 daAuts
  Lair:6: 1830 daAuts
     D:4: 1707 daAuts
     D:2: 1662 daAuts
  Lair:5: 1602 daAuts
  Lair:3: 1382 daAuts
     D:7: 1338 daAuts
     D:5: 1286 daAuts
